XFBL
CINCINNATI REDS @ HOUSTON ASTROS
07/28/1982
 
TOP OF THE 1ST
Cincinnati Reds batting - Pitching for Houston Astros : RHP Rick Camp
Pitching: RHP Rick Camp
Batting: RHB Gary Matthews 0-0: Ball
1-0: DOUBLE (Line Drive, 8RXD, EV 105.0 MPH)
Batting: RHB Bill Melton 0-0: Swinging Strike
0-1: Swinging Strike
0-2: Fly out, F9 (Flyball, 9S, EV 80.0 MPH)
Batting: LHB Mike Easler 0-0: Called Strike
0-1: Called Strike
0-2: Foul Ball, location: 2F
0-2: Ball
1-2: Ball
2-2: Reached on error, E6 (Groundball, 6, EV 87.5 MPH)
Gary Matthews to third
Batting: LHB Darrell Evans 0-0: Called Strike
0-1: Ball
1-1: Swinging Strike
1-2: Ball
2-2: Ball
3-2: Fielders Choice at 2nd, 4-6 (Groundball, 4, EV 99.4 MPH)
Gary Matthews scores
Batting: RHB Johnny Bench 0-0: Ball
1-0: Ball
2-0: Ball
3-0: Called Strike
3-1: Swinging Strike
3-2: Strikes out swinging
Top of the 1st over - 1 run, 1 hit, 1 error, 1 left on base; Cincinnati 1 - Houston 0
BOTTOM OF THE 1ST
Houston Astros batting - Pitching for Cincinnati Reds : RHP Tony Guzman
Pitching: RHP Tony Guzman
Batting: RHB Julio Franco 0-0: Ball
1-0: SINGLE (Groundball, 6MD, EV 99.4 MPH)
Batting: LHB Steve Kemp 0-0: Ball
1-0: Ball
2-0: Swinging Strike
2-1: Foul Ball, location: 2F
2-2: Foul Ball, location: 2F
2-2: Ball
3-2: Foul Ball, location: 2F
3-2: DOUBLE (Line Drive, 89M, EV 95.0 MPH)
Julio Franco to third
Julio Franco scores
Batting: RHB Zail Smith 0-0: Ball
1-0: Foul Ball, location: 2F
1-1: Called Strike
1-2: Foul Ball, location: 2F
1-2: Foul Ball, location: 2F
1-2: Foul Ball, location: 2F
1-2: Fly out, F9 (Flyball, 9, EV 92.5 MPH)
Batting: RHB John Castino 0-0: Called Strike
0-1: SINGLE (Groundball, 34D, EV 106.3 MPH)
Steve Kemp to third
Runner from 3rd tries for Home, SAFE, throw by RF to home
Batting: LHB Jose Cruz 0-0: Ball
1-0: Ball
2-0: Called Strike
2-1: SINGLE (Groundball, 34D, EV 97.5 MPH)
John Castino to second
Runner from 2nd tries for 3rd, SAFE, throw by RF made to third
Batting: SHB Tom Herr 0-0: Called Strike
0-1: Ball
1-1: Ball
2-1: Foul Ball, location: 2F
2-2: Fly out, F9 (Flyball, 9LM, EV 93.1 MPH)
Runner from 3rd tags up, OUT at HOME! 9-2
Bottom of the 1st over - 2 runs, 4 hits, 0 errors, 1 left on base; Cincinnati 1 - Houston 2
TOP OF THE 2ND
Cincinnati Reds batting - Pitching for Houston Astros : RHP Rick Camp
Batting: LHB Joseph Talley 0-0: Ball
1-0: Ball
2-0: Foul Ball, location: 2F
2-1: Ground out 4-3 (Groundball, 4, EV 104.4 MPH)
Batting: RHB Jim Anderson 0-0: Ball
1-0: Ball
2-0: Ball
3-0: Called Strike
3-1: Fly out, F9 (Flyball, 9LM, EV 86.3 MPH)
Batting: RHB Ramon Borrero 0-0: Ball
1-0: Ball
2-0: Ground out 4-3 (Groundball, 4, EV 101.3 MPH)
Top of the 2nd over - 0 runs, 0 hits, 0 errors, 0 left on base; Cincinnati 1 - Houston 2
BOTTOM OF THE 2ND
Houston Astros batting - Pitching for Cincinnati Reds : RHP Tony Guzman
Batting: LHB George Vukovich 0-0: Ball
1-0: Called Strike
1-1: Swinging Strike
1-2: Ball
2-2: Foul Ball, location: 2F
2-2: Strikes out swinging
Batting: RHB Dave Valle 0-0: Ball
1-0: Ball
2-0: SINGLE (Groundball, 6MD, EV 101.3 MPH)
Batting: RHB Rick Camp 0-0: Bunted foul
0-1: Ball
1-1: Bunted foul
1-2: Sac Bunt to 15S - play at first, batter OUT! 1-4
Dave Valle to second
Batting: RHB Julio Franco 0-0: Ball
1-0: Fly out, F8 (Flyball, 8LD, EV 80.0 MPH)
Bottom of the 2nd over - 0 runs, 1 hit, 0 errors, 1 left on base; Cincinnati 1 - Houston 2
TOP OF THE 3RD
Cincinnati Reds batting - Pitching for Houston Astros : RHP Rick Camp
Batting: RHB Tony Guzman 0-0: Ball
1-0: Foul Ball, location: 2F
1-1: Foul Ball, location: 2F
1-2: Strikes out swinging
Batting: RHB Gary Matthews 0-0: Ball
1-0: Ball
2-0: Foul Ball, location: 2F
2-1: Ball
3-1: Called Strike
3-2: Foul Ball, location: 2F
3-2: Foul Ball, location: 2F
3-2: TRIPLE (Flyball, 89XD, EV 98.8 MPH)
Batting: RHB Bill Melton 0-0: Called Strike
0-1: Swinging Strike
0-2: Strikes out looking
Batting: LHB Mike Easler 0-0: DOUBLE (Line Drive, 7LD, EV 110.6 MPH)
Gary Matthews scores
Batting: LHB Darrell Evans 0-0: Foul Ball, location: 2F
0-1: Foul Ball, location: 2F
0-2: Fly out, F5 (Popup, 25F, EV 84.4 MPH)
Top of the 3rd over - 1 run, 2 hits, 0 errors, 1 left on base; Cincinnati 2 - Houston 2
BOTTOM OF THE 3RD
Houston Astros batting - Pitching for Cincinnati Reds : RHP Tony Guzman
Batting: LHB Steve Kemp 0-0: Foul Ball, location: 2F
0-1: Called Strike
0-2: Strikes out swinging
Batting: RHB Zail Smith 0-0: Called Strike
0-1: Foul Ball, location: 2F
0-2: Ball
1-2: Strikes out swinging
Batting: RHB John Castino 0-0: Ball
1-0: Ball
2-0: Foul Ball, location: 2F
2-1: Foul Ball, location: 2F
2-2: Ball
3-2: Ground out 5-3 (Groundball, 5, EV 104.4 MPH)
Bottom of the 3rd over - 0 runs, 0 hits, 0 errors, 0 left on base; Cincinnati 2 - Houston 2
TOP OF THE 4TH
Cincinnati Reds batting - Pitching for Houston Astros : RHP Rick Camp
Batting: RHB Johnny Bench 0-0: Called Strike
0-1: Ball
1-1: Foul Ball, location: 2F
1-2: Ball
2-2: SINGLE (Line Drive, 78M, EV 103.1 MPH)
Batting: LHB Joseph Talley 0-0: Ball
1-0: Foul Ball, location: 2F
1-1: SINGLE (Groundball, 25, EV 70.0 MPH) (infield hit)
Johnny Bench to second
Batting: RHB Jim Anderson 0-0: Ball
1-0: Called Strike
1-1: Ball
2-1: Swinging Strike
2-2: Grounds into double play, 6-4-3 (Groundball, 6, EV 91.3 MPH)
Johnny Bench to third
Batting: RHB Ramon Borrero 0-0: Intentional Walk
Batting: RHB Tony Guzman 0-0: Called Strike
0-1: Ball
1-1: Ground out 6-3 (Groundball, 6S, EV 82.5 MPH)
Top of the 4th over - 0 runs, 2 hits, 0 errors, 2 left on base; Cincinnati 2 - Houston 2
BOTTOM OF THE 4TH
Houston Astros batting - Pitching for Cincinnati Reds : RHP Tony Guzman
Batting: LHB Jose Cruz 0-0: Ball
1-0: Ball
2-0: Ball
3-0: Base on Balls
Batting: SHB Tom Herr 0-0: Fielders Choice at 2nd, 3-6 (Groundball, 3, EV 87.5 MPH)
Batting: LHB George Vukovich 0-0: Swinging Strike
0-1: Fielders Choice at 2nd, 4-6 (Groundball, 4, EV 108.1 MPH)
Batting: RHB Dave Valle 0-0: Ball
1-0: Ball
2-0: Foul Ball, location: 2F
2-1: Fly out, F8 (Flyball, 8LD, EV 86.9 MPH)
Bottom of the 4th over - 0 runs, 0 hits, 0 errors, 1 left on base; Cincinnati 2 - Houston 2
TOP OF THE 5TH
Cincinnati Reds batting - Pitching for Houston Astros : RHP Rick Camp
Batting: RHB Gary Matthews 0-0: Ball
1-0: Ball
2-0: Ground out 2-3 (Groundball, 2L, EV 65.6 MPH)
Batting: RHB Bill Melton 0-0: Ball
1-0: Called Strike
1-1: Ball
2-1: Ball
3-1: Reached on error, E2 (Groundball, 2R, EV 59.4 MPH)
Batting: LHB Mike Easler 0-0: Ball
1-0: Ball
2-0: Ball
3-0: Base on Balls
Bill Melton to second
Batting: LHB Darrell Evans 0-0: Ball
1-0: Foul Ball, location: 2F
1-1: Foul Ball, location: 2F
1-2: Foul Ball, location: 2F
1-2: Ball
2-2: Strikes out swinging
Batting: RHB Johnny Bench 0-0: Called Strike
0-1: Ball
1-1: Foul Ball, location: 2F
1-2: Ball
2-2: Ball
3-2: Ground out 6-3 (Groundball, 6, EV 83.8 MPH)
Top of the 5th over - 0 runs, 0 hits, 1 error, 2 left on base; Cincinnati 2 - Houston 2
BOTTOM OF THE 5TH
Houston Astros batting - Pitching for Cincinnati Reds : RHP Tony Guzman
Batting: RHB Rick Camp 0-0: Ball
1-0: Ball
2-0: Foul Ball, location: 2F
2-1: Foul Ball, location: 2F
2-2: Strikes out swinging
Batting: RHB Julio Franco 0-0: Ball
1-0: Ball
2-0: Ball
3-0: Base on Balls
Batting: LHB Steve Kemp 0-0: Ball
Julio Franco is caught stealing 2nd base 2-6
1-0: Foul Ball, location: 2F
1-1: Ground out 3-1 (Groundball, 34, EV 106.3 MPH)
Bottom of the 5th over - 0 runs, 0 hits, 0 errors, 0 left on base; Cincinnati 2 - Houston 2
TOP OF THE 6TH
Cincinnati Reds batting - Pitching for Houston Astros : RHP Rick Camp
Batting: LHB Joseph Talley 0-0: Ball
1-0: Called Strike
1-1: Ball
2-1: Foul Ball, location: 2F
2-2: SINGLE (Groundball, 56D, EV 109.4 MPH)
Batting: RHB Jim Anderson 0-0: Ball
1-0: Ball
2-0: Bunted foul
2-1: Bunted foul
2-2: Fly out, F9 (Flyball, 9D, EV 105.6 MPH)
Batting: RHB Ramon Borrero 0-0: Ball
1-0: SINGLE (Groundball, 6MS, EV 66.9 MPH) (infield hit)
Joseph Talley to second
Batting: RHB Tony Guzman 0-0: Bunted foul
0-1: Ball
Joseph Talley steals 3rd base
Ramon Borrero to second
1-1: Foul Ball, location: 2F
1-2: Ball
2-2: Strikes out looking
Batting: RHB Gary Matthews 0-0: SINGLE (Groundball, 56, EV 101.3 MPH) (infield hit)
Joseph Talley scores
Ramon Borrero to third
Batting: RHB Bill Melton 0-0: Ball
1-0: Swinging Strike
1-1: Ball
2-1: Called Strike
2-2: Foul Ball, location: 2F
2-2: Ball
3-2: Base on Balls
Gary Matthews to second
Batting: LHB Mike Easler 0-0: Called Strike
0-1: DOUBLE (Line Drive, 7LM, EV 96.9 MPH)
Ramon Borrero scores
Gary Matthews scores
Bill Melton to third
Runner from 3rd tries for Home, SAFE, no throw by LF
Pitching: LHP Terry Forster
Batting: LHB Darrell Evans 0-0: Ball
Wild Pitch!
Mike Easler to third
1-0: Ground out 6-3 (Groundball, 6, EV 79.4 MPH)
Top of the 6th over - 4 runs, 4 hits, 0 errors, 1 left on base; Cincinnati 6 - Houston 2
BOTTOM OF THE 6TH
Houston Astros batting - Pitching for Cincinnati Reds : RHP Tony Guzman
Batting: RHB Zail Smith 0-0: Fly out, F8 (Flyball, 78M, EV 91.3 MPH)
Batting: RHB John Castino 0-0: Ball
1-0: Swinging Strike
1-1: Fly out, F8 (Flyball, 8RS, EV 85.6 MPH)
Batting: LHB Jose Cruz 0-0: Ball
1-0: Called Strike
1-1: Ball
2-1: Ground out 5-3 (Groundball, 56, EV 84.4 MPH)
Bottom of the 6th over - 0 runs, 0 hits, 0 errors, 0 left on base; Cincinnati 6 - Houston 2
TOP OF THE 7TH
Cincinnati Reds batting - Pitching for Houston Astros : LHP Terry Forster
Batting: RHB Johnny Bench 0-0: Foul Ball, location: 2F
0-1: Foul Ball, location: 2F
0-2: Ball
1-2: Ball
2-2: Foul Ball, location: 2F
2-2: Ball
3-2: Base on Balls
Batting: LHB Joseph Talley 0-0: Foul Ball, location: 2F
0-1: Ball
1-1: Foul Ball, location: 2F
1-2: Foul Ball, location: 2F
1-2: Foul Ball, location: 2F
1-2: Ball
2-2: Strikes out swinging
Batting: RHB Jim Anderson 0-0: Called Strike
0-1: Ball
1-1: Foul Ball, location: 2F
1-2: TRIPLE (Flyball, 78XD, EV 93.1 MPH)
Johnny Bench scores
Batting: RHB Ramon Borrero 0-0: Ball
1-0: Ground out 4-3 (Groundball, 4M, EV 98.1 MPH)
Jim Anderson scores
Batting: RHB Tony Guzman 0-0: Called Strike
0-1: Ball
1-1: Ball
2-1: Ground out 6-3 (Groundball, 6, EV 81.9 MPH)
Top of the 7th over - 2 runs, 1 hit, 0 errors, 0 left on base; Cincinnati 8 - Houston 2
BOTTOM OF THE 7TH
Houston Astros batting - Pitching for Cincinnati Reds : RHP Tony Guzman
Batting: SHB Tom Herr 0-0: Ball
1-0: Called Strike
1-1: Ball
2-1: Ball
3-1: SINGLE (Line Drive, 7S, EV 98.1 MPH)
Batting: LHB George Vukovich 0-0: Ball
1-0: Foul Ball, location: 2F
1-1: Ball
2-1: SINGLE (Line Drive, 6MD, EV 105.0 MPH)
Tom Herr to second
Runner from 2nd tries for 3rd, SAFE, throw by CF made to third
Batting: RHB Dave Valle 0-0: Ball
1-0: Called Strike
1-1: Ball
2-1: SINGLE (Groundball, 4D, EV 96.9 MPH)
Tom Herr scores
George Vukovich to second
Runner from 2nd tries for 3rd, SAFE, no throw by CF
Pinch Hitting: SHB Christopher Clark 0-0: SINGLE (Flyball, 5D, EV 97.5 MPH)
George Vukovich scores
Dave Valle to second
Batting: RHB Julio Franco 0-0: Ball
1-0: Ball
2-0: Foul Ball, location: 2F
2-1: SINGLE (Line Drive, 4D, EV 96.3 MPH)
Dave Valle to third
Christopher Clark to second
Runner from 3rd tries for Home, SAFE, throw by CF to home
Batting: LHB Steve Kemp 0-0: Grounds into double play, 6-4-3 (Groundball, 6, EV 84.4 MPH)
Christopher Clark to third
Batting: RHB Zail Smith 0-0: Foul Ball, location: 2F
0-1: Ball
1-1: Ball
2-1: Ball
3-1: Called Strike
3-2: Foul Ball, location: 2F
3-2: Foul Ball, location: 2F
3-2: Base on Balls
Batting: RHB John Castino 0-0: Ball
1-0: Fielders Choice at 2nd, 6-4 (Groundball, 6, EV 86.9 MPH)
Bottom of the 7th over - 3 runs, 5 hits, 0 errors, 2 left on base; Cincinnati 8 - Houston 5
TOP OF THE 8TH
Cincinnati Reds batting - Pitching for Houston Astros : LHP Terry Forster
Pitching: RHP Ramon Molina
Batting: RHB Gary Matthews 0-0: Called Strike
0-1: Foul Ball, location: 2F
0-2: Ball
1-2: Ground out 6-3 (Groundball, 6, EV 85.6 MPH)
Batting: RHB Bill Melton 0-0: Foul Ball, location: 2F
0-1: Ball
1-1: Ball
2-1: Fly out, F1 (Line Drive, P, EV 64.4 MPH)
Batting: LHB Mike Easler 0-0: Ball
1-0: Called Strike
1-1: SINGLE (Line Drive, 89M, EV 105.6 MPH)
Batting: LHB Darrell Evans 0-0: Ball
1-0: Ball
2-0: Foul Ball, location: 2F
2-1: Ground out 6-3 (Groundball, 6M, EV 91.9 MPH)
Top of the 8th over - 0 runs, 1 hit, 0 errors, 1 left on base; Cincinnati 8 - Houston 5
BOTTOM OF THE 8TH
Houston Astros batting - Pitching for Cincinnati Reds : RHP Tony Guzman
Batting: LHB Jose Cruz 0-0: Ball
1-0: Ball
2-0: Called Strike
2-1: Ground out 4-3 (Groundball, 4, EV 80.0 MPH)
Batting: SHB Tom Herr 0-0: Foul Ball, location: 2F
0-1: Foul Ball, location: 2F
0-2: Ball
1-2: Ball
2-2: Ball
3-2: Strikes out looking
Batting: LHB George Vukovich 0-0: Called Strike
0-1: Ground out 6-3 (Groundball, 6S, EV 80.6 MPH)
Bottom of the 8th over - 0 runs, 0 hits, 0 errors, 0 left on base; Cincinnati 8 - Houston 5
TOP OF THE 9TH
Cincinnati Reds batting - Pitching for Houston Astros : RHP Ramon Molina
Batting: RHB Johnny Bench 0-0: Called Strike
0-1: Ball
1-1: Foul Ball, location: 2F
1-2: Ball
2-2: Ground out 6-3 (Groundball, 6, EV 85.0 MPH)
Batting: LHB Joseph Talley 0-0: Ball
1-0: Foul Ball, location: 2F
1-1: Foul Ball, location: 2F
1-2: SINGLE (Line Drive, 8LS, EV 101.3 MPH)
Batting: RHB Jim Anderson 0-0: Ball
1-0: Called Strike
1-1: Called Strike
1-2: Ball
2-2: Foul Ball, location: 2F
2-2: Strikes out swinging
Batting: RHB Ramon Borrero 0-0: Called Strike
0-1: Ball
1-1: Swinging Strike
1-2: Ball
Joseph Talley is caught stealing 2nd base 2-4
Top of the 9th over - 0 runs, 1 hit, 0 errors, 0 left on base; Cincinnati 8 - Houston 5
BOTTOM OF THE 9TH
Houston Astros batting - Pitching for Cincinnati Reds : RHP Tony Guzman
Batting: RHB Dave Valle 0-0: Ball
1-0: Ball
2-0: Foul Ball, location: 2F
2-1: Called Strike
2-2: Fly out, F8 (Line Drive, 8LM, EV 92.5 MPH)
Pinch Hitting: SHB Bill D Doran 0-0: Ball
1-0: Ground out U3 (Groundball, 13, EV 91.3 MPH)
Batting: RHB Julio Franco 0-0: Ball
1-0: Ball
2-0: Called Strike
2-1: Swinging Strike
2-2: SINGLE (Groundball, 6MS, EV 68.8 MPH) (infield hit)
Pitching: RHP Jay Dillard
Batting: LHB Steve Kemp 0-0: Ball
1-0: Ball
2-0: Called Strike
2-1: Ground out 4-3 (Groundball, 4, EV 95.6 MPH)
Bottom of the 9th over - 0 runs, 1 hit, 0 errors, 1 left on base; Cincinnati 8 - Houston 5
Wednesday, August 19th, 2020 - OOTP Baseball 21.5 Build 76